 Dungeon Crawl Stone Soup version 0.16.1 (webtiles) character file.

384 AnnoyedKobold the Covert (level 6, -2/30 HPs)
             Began as a Spriggan Assassin on Mar 25, 2015.
             Slain by an orc priest
             ... wielding a +0 morningstar
              (10 damage)
             ... on level 4 of the Dungeon.
             The game lasted 00:17:55 (5426 turns).

AnnoyedKobold the Covert (Spriggan Assassin)        Turns: 5426, Time: 00:17:55

Health: -2/30      AC:  3    Str:  7    XL:     6   Next: 47%
Magic:  12/12      EV: 17    Int: 13    God:
Gold:   168        SH:  0    Dex: 19    Spells: 0 memorised, 5 levels left

rFire  + . .     SeeInvis +     a - +3 dagger
rCold  x . .     Clarity  .     m - +0 robe (curse)
rNeg   + + .     SustAb   .     (shield restricted)
rPois  .         Gourm    .     (helmet restricted)
rElec  .         Spirit   .     d - +0 cloak
rCorr  .         Warding  +     (gloves unavailable)
rMut   .         Stasis   .     (boots unavailable)
MR     +....                    v - amulet of warding
Stlth  +++++.....               o - ring of positive energy
                                j - ring of fire

@: very quick, somewhat resistant to hostile enchantments, quite stealthy
A: unfitting armour, see invisible, herbivore 3, speed 3, slow metabolism 2
a: no special abilities


You were on level 4 of the Dungeon.
You were not hungry.

You visited 1 branch of the dungeon, and saw 4 of its levels.

You collected 168 gold pieces.

Inventory:

Hand weapons
 a - a +3 dagger (weapon)
 b - a +0 blowgun
Missiles
 e - 6 poisoned needles
 f - 2 curare-tipped needles
Armour
 c - a +0 robe
 d - a +0 cloak (worn)
 m - a cursed +0 robe (worn)
Jewellery
 h - an uncursed amulet of regeneration
 j - a ring of fire (left hand)
 o - a ring of positive energy (right hand)
 p - an uncursed ring of magical power
 v - an amulet of warding (around neck)
Scrolls
 n - 2 scrolls of identify
 r - 2 scrolls of random uselessness {unknown}
 t - a scroll of fear {unknown}
 u - a scroll of recharging
 w - a scroll of remove curse {unknown}
Potions
 i - 3 potions of curing
 k - a potion of magic {unknown}
 l - 3 potions of cancellation
 q - a potion of might {unknown}
Comestibles
 g - a bread ration
 s - 4 fruits


   Skills:
 - Level 1.5 Fighting
 + Level 5.6 Short Blades
 - Level 2.1 Throwing
 - Level 1.5 Dodging
 + Level 9.4 Stealth


You had 5 spell levels left.
You didn't know any spells.

Dungeon Overview and Level Annotations

Branches:
Dungeon (4/15)
 Temple: D:4-7

Altars:

Annotations:
D:1 sdaflasdffgk??//SSQQAdcasddafsasdf4234@#@#!@!@#$@#%$#%$^%#^&%$U^&$@ aswwd*


Innate Abilities, Weirdness & Mutations

You are tiny and cannot use many weapons and most armour.
You have supernaturally acute eyesight.
You are a herbivore.
You cover ground extremely quickly.
You need consume almost no food.


Message History

You hit the orc priest.
The orc priest is heavily wounded.
You hit the orc priest.
The orc priest is severely wounded.
The orc priest barely misses you.
You closely miss the orc priest.
The orc priest is severely wounded.
You hit the orc priest but do no damage.
The orc priest is severely wounded.
The orc priest mumbles some strange prayers to Beogh against you.
Pain shoots through your body!
You hit the orc priest.
The orc priest is severely wounded.
The orc priest mumbles some strange prayers to Beogh against you.
Something smites you!
* * * LOW HITPOINT WARNING * * *
You hit the orc priest but do no damage.
The orc priest is severely wounded.
The orc priest hits you with a morningstar!
You die...

#.....##.###.#.#
##..o###.....#.# ##.##
###.###.####.# #.#
#....#Z....# #o# #####)#
#.# #.# ...####)# #.#
..g..)..##########.########
...>.##........o@.........#
.... ...#########†.######.#
... ### #...## .. ##...#.##
. ##..#.##.## #..#.(.##.#
##....##.## ##..##.##
##.#.##


You could see an orc priest.

Vanquished Creatures
  The ghost of Meow the Conjurer, an average OpWz (D:3)
  A scorpion (D:4)
  The ghost of Tomod the Skirmisher, a weakling GrBe of Trog (D:4)
  A worker ant (D:4)
  Ijyb (D:2)
  Terence (D:2)
  4 gnolls (D:2)
  5 adders
  A giant mite (D:1)
  2 worms (D:2)
  5 giant geckos
  An ooze (D:1)
  5 orcs
  2 ball pythons
  4 bats
  4 giant cockroaches
  7 hobgoblins
  7 kobolds
  2 giant newts
  8 goblins
  8 rats
71 creatures vanquished.

Notes
Turn   | Place    | Note
--------------------------------------------------------------
     0 | D:1      | AnnoyedKobold, the Spriggan Assassin, began the quest for the Orb.
     0 | D:1      | Reached XP level 1. HP: 10/10 MP: 2/2
    19 | D:1      | Reached skill level 6 in Stealth
   268 | D:1      | Reached XP level 2. HP: 12/14 MP: 4/4
   969 | D:2      | Reached XP level 3. HP: 18/18 MP: 6/6
  1069 | D:2      | Reached skill level 7 in Stealth
  1290 | D:2      | Reached XP level 4. HP: 14/22 MP: 8/8
  2009 | D:2      | Noticed Ijyb
  2110 | D:2      | Killed Ijyb
  2490 | D:2      | Reached XP level 5. HP: 5/25 MP: 10/10
  2826 | D:2      | Reached skill level 8 in Stealth
  3136 | D:2      | Noticed Terence
  3138 | D:2      | Killed Terence
  3883 | D:3      | Noticed Meow's ghost (average OpWz)
  3962 | D:3      | Killed Meow's ghost
  3962 | D:3      | Reached skill level 5 in Short Blades
  4284 | D:4      | Reached skill level 9 in Stealth
  4284 | D:4      | Reached XP level 6. HP: 30/30 MP: 12/12
  4373 | D:4      | Noticed Tomod's ghost (weakling GrBe)
  4734 | D:4      | Killed Tomod's ghost
  5426 | D:4      | Slain by an orc priest

Action                   |  1- 3 |  4- 6 || total
-------------------------+-------+-------++-------
Melee: Dagger            |    75 |   281 ||   356
 Fire: Blowgun           |     8 |     6 ||    14
  Use: Potion            |     1 |     5 ||     6
       Scroll            |       |     4 ||     4
 Stab: Sleeping          |     8 |    11 ||    19
       Distracted        |       |     2 ||     2
  Eat: Bread ration      |       |     1 ||     1
